 Dungeon Crawl Stone Soup version 0.30.0-10-gfe55d96785 (webtiles) character file.

Game seed: 16911665796987707905

93 GigaChad the Shield-Bearer (level 4, -6/37 HPs)
             Began as a Formicid Fighter on May 16, 2023.
             Killed by nerve-wracking pain
             ... invoked by Jessica
              (11 damage)
             ... on level 2 of the Dungeon.
             The game lasted 00:01:48 (1590 turns).

GigaChad the Shield-Bearer (Formicid Fighter)       Turns: 1590, Time: 00:01:48

Health: -6/37      AC:  7    Str: 23    XL:     4   Next: 91%
Magic:  4/4        EV:  9    Int:  7    God:
Gold:   118        SH:  5    Dex: 13    Spells: 3/3 levels left

rFire   . . .        a - +0 war axe
rCold   . . .        c - +0 buckler
rNeg    . . .        b - +0 scale mail
rPois   .            (helmet unavailable)
rElec   .            (no cloak)
rCorr   .            (no gloves)
SInv    +            (no boots)
Will    .....        (no amulet) Stlth
                     (no ring)
HPRegen 0.26/turn    (no ring)
MPRegen 0.09/turn

%: no passive effects
@: very slow
A: permanent stasis, dig shafts and tunnels, antennae 3, four strong arms
a: Dig, Shaft Self


You were on level 2 of the Dungeon.
You visited 1 branch of the dungeon, and saw 2 of its levels.

You collected 118 gold pieces.

Inventory:

Hand Weapons
 a - a +0 war axe (weapon)
Armour
 b - a +0 scale mail (worn)
 c - a +0 buckler (worn)
Jewellery
 h - a +6 ring of intelligence
Scrolls
 f - a scroll of amnesia {unknown}
 j - a scroll of fear {unknown}
Potions
 d - a potion of might
 e - 2 potions of heal wounds {unknown}
 g - a potion of invisibility {unknown}
 i - a potion of degeneration {unknown}


   Skills:
 * Level 4.0 Fighting
 * Level 3.2 Axes
 * Level 3.9 Armour
 * Level 4.6 Shields


You had 3 spell levels left.
You didn't know any spells.
Your spell library was empty.

Dungeon Overview and Level Annotations

Branches:
Dungeon (2/15)

Altars:

Annotations:
D:2 Jessica


Innate Abilities, Weirdness & Mutations

You cannot be hasted, slowed, berserked, paralysed or teleported.
You can dig through walls and to a lower floor.
You have a pair of large antennae on your head. (SInv)
Your four strong arms can wield two-handed weapons with a shield.


Message History

You resist with some effort.
You hit the ball python.
You kill the ball python!
You barely miss Jessica.
Jessica splashes around in the water.
Jessica hits you with a +0 dagger.
Your unstable footing causes you to fumble your attack.
Jessica mumbles something strange.
Jessica closely misses you.
Jessica points at you and mumbles some strange words.
Pain shoots through your body!
* * * LOW HITPOINT WARNING * * *
Unknown command.
You are too injured to fight recklessly!
You are too injured to fight recklessly!
You are too injured to fight recklessly!
You closely miss Jessica.
Jessica is heavily wounded.
Jessica hits you but does no damage.
Jessica casts a spell.
Jessica blinks!
Unknown command.
Unknown command.
Jessica casts a spell.
Jessica blinks!
Jessica hits you with a +0 dagger.
* * * LOW HITPOINT WARNING * * *
Your unstable footing causes you to fumble your attack.
Jessica looks very angry.
Jessica barely misses you.
Unknown command.
Your unstable footing causes you to fumble your attack.
Jessica hits you with a +0 dagger.
* * * LOW HITPOINT WARNING * * *
You block Jessica's attack.
Unknown command.
You closely miss Jessica.
Jessica is heavily wounded.
You block Jessica's attack.
Jessica points at you and mumbles some strange words.
Pain shoots through your body!
You die...

#.#.. #.##8..8 ...
#########.##~..~ ~~#.
........~~~..≈ ≈~~~###
#####~~~~≈≈.†≈
≈≈≈~~~~####~~~~~≈≈≈≈≈..~
~≈≈≈≈≈~r~~~~≈≈≈≈≈≈≈~~..~
~~~≈≈≈≈≈≈≈≈≈≈≈≈≈~~~~8..8
..~~~~≈≈≈≈≈≈~~~~~###8..8
#....~~@@~~~~....###....
##............##...#....
#..)...(#########......
#.......# #######
#.......# # .........# #
.........# # .........#
# #


You could see Jessica (fast) and a quokka.

Vanquished Creatures
  3 gnolls (D:1)
  An adder (D:2)
  A dart slug (D:1)
  8 ball pythons
  4 endoplasms
  3 giant cockroaches (D:1)
  5 goblins (D:1)
  5 hobgoblins
  4 jackals (D:1)
  2 kobolds (D:1)
  A quokka (D:1)
  5 bats
  5 rats
47 creatures vanquished.

Notes
Turn   | Place    | Note
-------+----------+-------------------------------------------
     0 | D:1      | GigaChad the Formicid Fighter began the quest for the Orb.
     0 | D:1      | Reached XP level 1. HP: 18/18 MP: 1/1
    35 | D:1      | Reached XP level 2. HP: 24/24 MP: 2/2
   119 | D:1      | Reached XP level 3. HP: 29/29 MP: 3/3
   374 | D:1      | Reached XP level 4. HP: 36/37 MP: 4/4
  1575 | D:2      | Noticed Jessica
  1590 | D:2      | Killed from afar by Jessica

Illustrated notes

Levels and vault maps discovered:
D:1:      dpeg_arrival_long_road, layout_loops_corners,
          chequers_serial_rivers_small_3, columned_hall_lemuel, minivault_4,
          minivault_27, minmay_tall_x
D:2:      wander_river, layout_basic, serial_shops,
          nicolae_shop_window_shopping,
          shapermc_ecumenical_altar_mp_urbaneastern, dreamdust_wishing_well,
          uniq_jessica

Skill      XL: |  1  2  3  4 |
---------------+-------------+-----
Axes           | 3 |  3.2
Fighting       | 4 |  4.0
Armour         | |  3.9
Shields        | |  4.6

Action                     |  1- 3 |  4- 6 || total
---------------------------+-------+-------++-------
  Melee: War axe           |    37 |    88 ||   125
    Use: Scroll            |     1 |     3 ||     4
 Armour: Scale mail        |    30 |    58 ||    88
  Dodge: Dodged            |    26 |    41 ||    67
  Block: Buckler           |    15 |    27 ||    42
